 Dungeon Crawl Stone Soup version 0.23.2 (webtiles) character file.

Game seed: 13082598961858629369

2552 teukkam the Covered (level 9, -4/79 HPs)
             Began as a Minotaur Fighter on Apr 9, 2019.
             Was a Priest of Zin.
             Slain by a hog (7 damage)
             ... on level 7 of the Dungeon.
             The game lasted 00:22:30 (5824 turns).

teukkam the Covered (Minotaur Fighter)              Turns: 5824, Time: 00:22:32

Health: -4/79      AC:  8    Str: 29    XL:     9   Next: 31%
Magic:  3/3        EV:  9    Int:  5    God:    Zin [***...]
Gold:   244        SH: 11    Dex: 10    Spells: 8/8 levels left

rFire    + . .     SeeInvis .   a - +1 war axe (antimagic)
rCold    . . .     Gourm    .   c - +0 shield
rNeg     . . .     Faith    +   L - +2 leather armour {rF+}
rPois    .         Spirit   .   (helmet restricted)
rElec    .         Reflect  .   P - +0 cloak
rCorr    .         Harm     .   (no gloves)
MR       +....                  O - +0 pair of boots
Stlth    +.........             J - amulet of faith
HPRegen  0.23/turn              e - ring of protection from magic
MPRegen  0.08/turn              (no ring)

@: mighty
A: retaliatory headbutt, horns 2
a: Recite, Vitalisation, Imprison, Donate Gold, Renounce Religion


You were on level 7 of the Dungeon.
You worshipped Zin.
Zin was most pleased with you.
You were not hungry.

You visited 2 branches of the dungeon, and saw 9 of its levels.

You collected 271 gold pieces.
You donated 27 gold pieces to Zin.

Inventory:

Hand Weapons
 a - a +1 antimagic war axe (weapon)
 b - a +0 hunting sling
 i - a +0 dagger of speed
 p - a +0 war axe
 w - a +1 hand axe of distortion
 E - a +1 spear of piercing
 I - a +0 rapier of holy wrath
 K - a +4 short sword of protection
Missiles
 j - 30 poisoned needles
 k - 68 bolts
 l - 188 stones (quivered)
 u - 4 poisoned tomahawks
 y - 128 sling bullets
 N - 6 tomahawks
Armour
 c - a +0 shield (worn)
 o - a +0 scale mail
 L - a +2 leather armour of fire resistance (worn)
 O - a +0 pair of boots (worn)
 P - a +0 cloak (worn)
Jewellery
 e - a ring of protection from magic (left hand)
 F - an uncursed amulet of rage
 J - an amulet of faith (around neck)
Wands
 s - a wand of iceblast (21)
Scrolls
 r - 8 scrolls of identify
 t - a scroll of silence {unknown}
 x - 2 scrolls of teleportation {unknown}
 z - a scroll of fog {unknown}
 A - a scroll of blinking {unknown}
 B - 3 scrolls of remove curse {unknown}
 D - 2 scrolls of random uselessness {unknown}
 G - a scroll of enchant weapon {unknown}
 M - a scroll of fear
Potions
 d - 2 potions of might
 g - a potion of brilliance {unknown}
 h - 6 potions of curing {unknown}
 m - a potion of invisibility {unknown}
 n - a potion of heal wounds {unknown}
 q - 2 potions of cancellation {unknown}
 v - 3 potions of mutation {unknown}
 C - a potion of resistance {unknown}
 H - a potion of flight {unknown}
Comestibles
 f - 11 rations


   Skills:
 + Level 7.5 Fighting
 + Level 7.0 Axes
 + Level 5.0 Slings
 + Level 7.6 Armour
 + Level 7.4 Shields
 + Level 3.7 Invocations


You had 8 spell levels left.
You didn't know any spells.
Your spell library was empty.

Dungeon Overview and Level Annotations

Branches:
Dungeon (8/15)             Temple (1/1) D:5
   Lair: D:8-11

Altars:
Cheibriados
Dithmenos
Elyvilon
Gozag
Kikubaaqudgha
Nemelex Xobeh
Qazlal
Ru
Sif Muna
Uskayaw
Wu Jian
Zin
The Shining One

Shops:
D:7 (}[(

Annotations:
D:3 2 transporters, myga's ghost, amateur HaAK


Innate Abilities, Weirdness & Mutations

You reflexively headbutt those who attack you in melee.
You have a pair of horns on your head.


Message History

You barely miss the hog. You block the hog's attack.
You closely miss the hog. You headbutt the hog!!
The hog is heavily wounded.
You closely miss the hog. You block the hog's attack.
The hog bites you but does no damage. The hog bites you!
* * * LOW HITPOINT WARNING * * *
The hog bites you but does no damage.
You closely miss the hog. You headbutt the hog!!
The hog is severely wounded.
You slash the hog! The hog bites you.
* * * LOW HITPOINT WARNING * * *
You block the hog's attack. The hog bites you.
* * * LOW HITPOINT WARNING * * *
You barely miss the hog. Your headbutt misses the hog.
The hog is severely wounded.
You slash the hog!
You kill the hog!
Your Axes skill increases to level 7!
Your Slings skill increases to level 5!
You block the hog's attack. The hog bites you!
You die...

...
#...##...##.....#
...
#...##...##....##
...
#...+..........#
...
#...#......#######
...
+...#......#.....#
o.. #.
#......#.....# ...
##...#####'### ...
####'#.#)...%# ...
#......@h..%%# ...
#......#######.
...
#.............. ..
#..........####
#..........#
+..........+
#..........#
########...# #+##


You could see a hog.

Vanquished Creatures
  A human (D:7)
  3 hogs (D:7)
  Duvessa (D:4)
  An ice beast (D:5)
  A sky beast (D:6)
  An orc warrior (D:6)
  A phantom (D:4)
  3 centaurs
  2 ogres (D:5)
  Dowan (D:4)
  4 wights (D:6)
  6 orc priests
  7 hounds
  3 orc wizards
  An iguana (D:4)
  A worker ant (D:6)
  A hound skeleton (D:4)
  20 adders
  6 gnolls
  A howler monkey skeleton (D:3)
  3 worms (D:3)
  A dart slug (D:2)
  8 leopard geckos
  21 orcs
  3 giant cockroaches
  9 goblins
  8 hobgoblins (D:3)
  10 jackals
  3 quokkas
  A ball python (D:4)
  6 bats
  6 frilled lizards
  A jackal skeleton (D:4)
  4 kobolds
  A quokka skeleton (D:4)
  7 rats
157 creatures vanquished.

Notes
Turn   | Place    | Note
-------+----------+-------------------------------------------
     0 | D:1      | teukkam the Minotaur Fighter began the quest for the Orb.
     0 | D:1      | Reached XP level 1. HP: 19/19 MP: 0/0
   192 | D:1      | Reached XP level 2. HP: 17/27 MP: 1/1
   406 | D:3      | Reached XP level 3. HP: 33/33 MP: 2/2
   521 | D:5      | Entered Level 5 of the Dungeon
   536 | D:5      | Reached XP level 4. HP: 32/40 MP: 1/3
   639 | D:5      | Noticed a centaur
   647 | D:5      | Killed a centaur
   647 | D:5      | Reached XP level 5. HP: 27/47 MP: 1/4
  1043 | D:4      | Noticed a phantom
  1099 | D:4      | Reached skill level 5 in Fighting
  1099 | D:4      | Reached skill level 5 in Armour
  1099 | D:4      | Reached skill level 5 in Shields
  1102 | D:4      | Killed a phantom
  1102 | D:4      | Reached skill level 1 in Slings
  1102 | D:4      | Reached XP level 6. HP: 33/56 MP: 1/5
  1727 | D:5      | Found a staircase to the Ecumenical Temple.
  1742 | D:5      | Noticed an ice beast
  1751 | D:5      | Killed an ice beast
  1751 | D:5      | Reached XP level 7. HP: 21/61 MP: 2/6
  1879 | D:5      | Found a hide-covered altar of Uskayaw.
  1923 | Temple   | Entered the Ecumenical Temple
  1999 | Temple   | Became a worshipper of Zin the Law-Giver
  2157 | D:4      | Reached skill level 5 in Axes
  2254 | D:2      | Reached * piety under Zin
  2848 | D:2      | Found a stormy altar of Qazlal.
  2848 | D:2      | Found a deep blue altar of Sif Muna.
  3172 | D:2      | Found an ancient bone altar of Kikubaaqudgha.
  3490 | D:3      | Reached ** piety under Zin
  3555 | D:3      | Found a transporter.
  3557 | D:3      | Identified the +2 great mace of Arbitration {drain, rElec
                  | Stlth+}
  3557 | D:3      | Noticed myga's ghost (amateur HaAK)
  3587 | D:3      | Found a transporter.
  3647 | D:3      | Reached skill level 1 in Invocations
  3900 | D:3      | Found a faded altar of an unknown god.
  3980 | D:4      | Noticed Duvessa
  3980 | D:4      | Noticed Dowan
  3996 | D:4      | Killed Dowan
  3997 | D:4      | Killed Duvessa
  3997 | D:4      | Reached XP level 8. HP: 66/70 MP: 2/8
  4127 | D:5      | You fall through a shaft!
  4795 | D:6      | Reached *** piety under Zin
  5028 | D:6      | Zin protects you from harm!
  5724 | D:7      | Reached XP level 9. HP: 79/79 MP: 3/10
  5748 | D:7      | Found Liru's Antique Armour Emporium.
  5754 | D:7      | Found Lick's Antique Weapon Emporium.
  5754 | D:7      | Found Komatu's Gadget Emporium.
  5758 | D:7      | Found Xoxois's Weapon Emporium.
  5823 | D:7      | HP: 3/79 [hog (3)]
  5824 | D:7      | Reached skill level 5 in Slings
  5824 | D:7      | Slain by a hog

Skill      XL: |  1  2  3  4  5  6  7  8  9 |
---------------+----------------------------+-----
Fighting       | 4 5 6 7 |  7.5
Armour         | 4 5 6 7 |  7.6
Shields        | 4 5 6 7 |  7.4
Axes           | 3 4 5 6 7 |  7.0
Slings         | 1 2 3 4 5 |  5.0
Invocations    | 1 3 |  3.7

Action                   |  1- 3 |  4- 6 |  7- 9 || total
-------------------------+-------+-------+-------++-------
Melee: War axe           |    35 |    66 |   268 ||   369
       Headbutt          |     3 |    15 |    44 ||    62
 Fire: Hunting sling     |       |       |    21 ||    21
Invok: Recite            |       |       |     2 ||     2
  Use: Scroll            |       |     3 |       ||     3
       Potion            |       |       |     1 ||     1
  Eat: Chunk             |       |     2 |     9 ||    11
       Ration            |       |       |     2 ||     2
Armor: Scale mail        |    26 |    32 |    90 ||   148
       Leather armour    |       |       |    11 ||    11
Dodge: Dodged            |    10 |    28 |    91 ||   129
Block: Shield            |    28 |    45 |   166 ||   239
